 Dungeon Crawl Stone Soup version 0.29.1-4-g47bece8355 (webtiles) character file.

Game seed: 3722775395901713623

35 trench the Grasshopper (level 3, 0/30 HPs)
             Began as a Draconian Warper on Dec 5, 2022.
             Slain by a hobgoblin
             ... wielding a +2 mace of holy wrath
              (8 damage)
             ... on level 2 of the Dungeon.
             The game lasted 00:04:55 (1138 turns).

trench the Grasshopper (Draconian Warper)           Turns: 1138, Time: 00:04:55

Health: 0/30       AC:  6    Str: 21    XL:     3   Next: 16%
Magic:  6/6        EV: 12    Int: 13    God:
Gold:   47         SH:  0    Dex: 10    Spells: 6/6 levels left

rFire   . . .      SeeInvis .   a - +0 falchion
rCold   . . .      Faith    .   (no shield)
rNeg    . . .      Spirit   .   (body armour unavailable)
rPois   .          Reflect  .   (helmet restricted)
rElec   .          Harm     .   (no cloak)
rCorr   .          Rampage  .   m - +0 pair of gloves
Will    .....                   (no boots)
Stlth   +.........              (no amulet)
HPRegen 0.10/turn               j - +6 ring of strength
MPRegen 0.10/turn               (no ring)

@: no status effects
A: AC +5, unfitting armour, cold-blooded
a: no special abilities


You were on level 2 of the Dungeon.
You visited 1 branch of the dungeon, and saw 2 of its levels.

You collected 47 gold pieces.

Inventory:

Hand Weapons
 a - a +0 falchion (weapon)
Missiles
 c - 7 boomerangs of dispersal
 d - 11 stones
 f - 5 poisoned darts (quivered)
Armour
 m - a +0 pair of gloves (worn)
Jewellery
 j - a +6 ring of strength (left hand)
Scrolls
 b - a scroll of blinking
 e - a scroll of brand weapon {unknown}
 g - a scroll of fear {unknown}
 h - a scroll of enchant weapon {unknown}
 i - 2 scrolls of identify {unknown}
Potions
 k - a potion of resistance {unknown}
 l - a potion of curing {unknown}
 n - 2 potions of lignification {unknown}
 o - 2 potions of invisibility {unknown}


   Skills:
 * Level 2.9 Fighting
 - Level 2.0 Long Blades
 * Level 1.7 Throwing
 - Level 2.1 Dodging
 + Level 2.3 Spellcasting
 + Level 3.2 Translocations


You had 6 spell levels left.
You didn't know any spells.
Your spell library contained the following spells:

 Spells                   Type           Power      Damage    Failure   Level
 Blink                    Tloc           18%        N/A       10%         2
 Gell's Gravitas          Tloc           9%         N/A       21%         3
 Lesser Beckoning         Tloc           9%         N/A       21%         3
 Teleport Other           Tloc           9%         N/A       21%         3
 Magic Dart               Conj           4%         1d3       26%         1
 Searing Ray              Conj           2%         2d4       36%         2
 Manifold Assault         Tloc           9%         N/A       88%         5
 Fulminant Prism          Conj/Hex       0%         3d6       94%         4


Dungeon Overview and Level Annotations

Branches:
Dungeon (2/15)

Altars:


Innate Abilities, Weirdness & Mutations

Your plain brown scales are hard. (AC +5)
You cannot fit into any form of body armour.
You are cold-blooded and may be slowed by cold attacks.


Message History

A bat comes into view.
The bat hits you but does no damage.
A hobgoblin comes into view. It is wielding a +2 mace of holy wrath.
The hobgoblin shouts!
You hit the bat. You tail-slap the bat.
You kill the bat!
A hobgoblin is nearby!
There is a stone staircase leading down here.
The hobgoblin closely misses you.
You barely miss the hobgoblin.
The hobgoblin hits you with a +2 mace of holy wrath.
You are too injured to fight recklessly!
You are too injured to fight recklessly!
You are too injured to fight recklessly!
You hit the hobgoblin.
The hobgoblin is lightly wounded.
The hobgoblin hits you with a +2 mace of holy wrath.
You barely miss the hobgoblin.
You tail-slap the hobgoblin, but do no damage.
The hobgoblin is lightly wounded.
The hobgoblin hits you with a +2 mace of holy wrath.
You hit the hobgoblin but do no damage.
The hobgoblin is lightly wounded.
The hobgoblin barely misses you.
The hobgoblin hits you with a +2 mace of holy wrath.
You hit the hobgoblin.
The hobgoblin is almost dead.
The hobgoblin hits you with a +2 mace of holy wrath!
* * * LOW HITPOINT WARNING * * *
You barely miss the hobgoblin.
The hobgoblin is almost dead.
The hobgoblin barely misses you.
You closely miss the hobgoblin.
The hobgoblin is almost dead.
The hobgoblin closely misses you.
You barely miss the hobgoblin.
You tail-slap the hobgoblin, but do no damage.
The hobgoblin is almost dead.
The hobgoblin hits you with a +2 mace of holy wrath!
You die...

#.#..###### #.#..# #
#.#.## .. #.#.# ...
#.#.#### ....
###.#....# .....####
#........#
......g.####........#
#@>..'........#
#.....†##...^....#
#......##........#
#......####......#
#......# ########
#####+##


You could see a hobgoblin.

Vanquished Creatures
  A dart slug (D:1)
  A ball python (D:1)
  3 endoplasms (D:1)
  3 giant cockroaches
  4 goblins
  2 hobgoblins (D:1)
  A quokka (D:1)
  6 bats
  A frilled lizard (D:1)
  4 kobolds (D:1)
  2 rats (D:1)
28 creatures vanquished.

Notes
Turn   | Place    | Note
-------+----------+-------------------------------------------
     0 | D:1      | trench the Draconian Warper began the quest for the Orb.
     0 | D:1      | Reached XP level 1. HP: 17/17 MP: 3/3
    43 | D:1      | Reached skill level 1 in Throwing
   224 | D:1      | Reached XP level 2. HP: 23/25 MP: 5/5
   761 | D:1      | Reached XP level 3. HP: 21/30 MP: 6/6
  1138 | D:2      | Slain by a hobgoblin

Illustrated notes

Levels and vault maps discovered:
D:1:      erik_arrival_cave_to_civilisation [erik_arrival_cave_to_hall],
          layout_rooms, due_unseen_surprise
D:2:      layout_basic, serial_curves, eino_curves_01, eino_curves_03,
          minmay_nonomino_d4

Skill      XL: |  1 |
---------------+----+-----
Throwing       | 1 |  1.7
Fighting       | |  2.9
Long Blades    | |  2.0
Dodging        | |  2.1
Spellcasting   | |  2.3
Translocations | |  3.2

Action                   || total
-------------------------++-------
Melee: Falchion          ||    87
       Tailslap          ||    11
Armor: Skin              ||    28
Dodge: Dodged            ||    81
